 Dungeon Crawl Stone Soup version 0.23-a0-844-gdc03e01 (console) character file.

109 bli the Covered (level 5, 0/43 HPs)
             Began as a Formicid Abyssal Knight on Jan 26, 2019.
             Was a Follower of Lugonu.
             Slain by a hound (1 damage)
             ... on level 2 of the Dungeon.
             The game lasted 00:05:13 (1609 turns).

bli the Covered (Formicid Abyssal Knight)           Turns: 1609, Time: 00:05:13

Health: 0/43       AC: 15    Str: 14 (17) XL:     5   Next: 13%
Magic:  6/6        EV:  4    Int: 11 (12) God:    Lugonu [*.....]
Gold:   35         SH:  0    Dex:  7 (10) Spells: 4/4 levels left

rFire    . . .     SeeInvis +   a - +1 hand axe
rCold    . . .     Gourm    .   (no shield)
rNeg     . . .     Faith    .   e - +3 plate armour
rPois    .         Spirit   .   (helmet unavailable)
rElec    .         Reflect  .   (no cloak)
rCorr    .         Harm     .   (no gloves)
MR       .....                  (no boots)
Stlth    ..........             (no amulet)
HPRegen  0.14/turn              (no ring)
MPRegen  0.10/turn              (no ring)

@: no status effects
A: permanent stasis, dig shafts and tunnels, four strong arms, antennae 3
a: Dig, Shaft Self, Depart the Abyss, Renounce Religion


You were on level 2 of the Dungeon.
You worshipped Lugonu.
Lugonu was aware of your devotion.
You were hungry.

You visited 1 branch of the dungeon, and saw 2 of its levels.
You visited the Abyss 1 time.

You collected 35 gold pieces.

Inventory:

Hand Weapons
 a - a +1 hand axe (weapon)
 j - a +0 flail
Missiles
 i - 16 stones (quivered)
Armour
 b - a +0 leather armour
 e - a +3 plate armour (worn)
Jewellery
 p - an uncursed amulet of magic regeneration {unknown}
Scrolls
 d - a scroll of fear {unknown}
 g - 2 scrolls of enchant armour {unknown}
 h - a scroll of identify {unknown}
 l - a scroll of teleportation {unknown}
 m - a scroll of noise {unknown}
 n - a scroll of remove curse {unknown}
 o - a scroll of enchant weapon {unknown}
Potions
 k - a potion of degeneration
Comestibles
 c - 2 rations
 f - 4 chunks of flesh


   Skills:
 + Level 4.3 Fighting
 - Level 2.0 Axes
 + Level 4.5 Armour
 - Level 0.8 Dodging
 - Level 2.1 Invocations


You had 4 spell levels left.
You didn't know any spells.
Your spell library was empty.

Dungeon Overview and Level Annotations

Branches:
Dungeon (2/15)

Altars:


Innate Abilities, Weirdness & Mutations

You cannot be hasted, slowed, berserked, paralysed or teleported.
You can dig through walls and to a lower floor.
Your four strong arms can wield two-handed weapons with a shield.
You have a pair of large antennae on your head. (SInv)


Message History

You completely miss the goblin.
The goblin is moderately wounded.
The goblin barely misses you.
You slash the goblin!
You kill the goblin!
Lugonu accepts your kill. The hound bites you.
* * * LOW HITPOINT WARNING * * *
It was a potion of degeneration.
There was something very wrong with that liquid.
You feel weakened.
You feel dopey.
You feel clumsy. The hound bites you but does no damage.
You closely miss the hound.
The hound bites you but does no damage. x2
You closely miss the hound. The hound barely misses you.
The hound bites you but does no damage.
You hit the hound.
The hound is moderately wounded.
The hound bites you.
* * * LOW HITPOINT WARNING * * *
The hound bites you.
You die...

#.# ####### #.#
#.....# #.#
#.....######.#
#.....)).....###
..
#.....###.......
...######...(.#
#.######
.>......###(###
#g#
.......g..g.#
#g# .###.#h#####
#.# #@# #.# #.#


#gg {{{ #(. ..# #### #.# You could see a hound and a goblin.

Vanquished Creatures
  Jessica (D:2)
  Robin (D:2)
  A gnoll (D:1)
  2 adders (D:2)
  A dart slug (D:1)
  2 leopard geckos
  9 goblins
  8 hobgoblins
  4 kobolds
  A quokka (D:2)
  3 bats (D:1)
  A frilled lizard (D:1)
  4 rats (D:1)
  3 toadstools (D:1)
41 creatures vanquished.

Vanquished Creatures (others)
  A toadstool (D:1)
1 creature vanquished.

Grand Total: 42 creatures vanquished

Notes
Turn   | Place    | Note
-------+----------+-------------------------------------------
     0 | Abyss:1  | bli the Formicid Abyssal Knight began the quest for the
                  | Orb.
     0 | Abyss:1  | Reached XP level 1. HP: 18/18 MP: 2/2
    27 | Abyss:1  | Found an ancient bone altar of Kikubaaqudgha.
    76 | Abyss:2  | Noticed a large abomination
    93 | Abyss:2  | Noticed a starcursed mass
   105 | D:1      | Escaped the Abyss
   346 | D:1      | Reached XP level 2. HP: 24/24 MP: 3/3
   399 | D:1      | Reached * piety under Lugonu
   561 | D:1      | Reached XP level 3. HP: 29/29 MP: 4/4
  1216 | D:2      | Reached XP level 4. HP: 31/35 MP: 5/5
  1391 | D:2      | Noticed Jessica
  1398 | D:2      | Killed Jessica
  1570 | D:2      | Noticed Robin
  1584 | D:2      | Killed Robin
  1584 | D:2      | Reached XP level 5. HP: 9/43 MP: 6/6
  1609 | D:2      | HP: 1/43 [hound (3)]
  1609 | D:2      | Slain by a hound

Vault maps used:
D:1:      ldierk_water_garden, st_stairs_12
D:2:      okawaru_gym_becter, uniq_terence, uniq_robin, uniq_jessica,
          uniq_natasha
Abyss:2:  evilmike_abyss_exit_mutagenic

Skill      XL: |  1  2  3  4 |
---------------+-------------+-----
Armour         | 3 4 |  4.5
Fighting       | 4 |  4.3
Axes           | |  2.0
Dodging        | |  0.8
Invocations    | |  2.1

Action                   |  1- 3 |  4- 6 || total
-------------------------+-------+-------++-------
Melee: Hand axe          |   109 |    67 ||   176
Invok: Depart the Abyss  |     1 |       ||     1
 Abil: Dig               |     1 |       ||     1
  Use: Potion            |       |     1 ||     1
  Eat: Chunk             |     1 |     1 ||     2
Armor: Plate armour      |    88 |    55 ||   143
Dodge: Dodged            |    31 |    22 ||    53

Table legend:
 A = Non-vault XP
 B = Vault XP
 C = Vault XP percentage of total XP
 D = Non-vault monster count
 E = Vault monster count
 F = Vault count percentage of total count
                 A         B        C        D         E       F
            +---------+---------+-------+---------+---------+-------
      Total |      86 |      70 |  44.9 |      27 |      11 |  28.9
            +---------+---------+-------+---------+---------+-------
        D:1 |      50 |       3 |   5.7 |      20 |       2 |   9.1
        D:2 |      36 |      67 |  65.0 |       7 |       9 |  56.2
            +---------+---------+-------+---------+---------+-------
